 Dungeon Crawl Stone Soup version 0.18-a0-739-gdae9da8 (webtiles) character file.

74045 4thArraOfDagon the Bludgeoner (level 15, -12/165 HPs)
             Began as an Ogre Hunter on Dec 10, 2015.
             Was the Champion of Okawaru.
             Mangled by a shambling mangrove (32 damage)
             ... on level 1 of the Swamp.
             The game lasted 01:00:28 (9026 turns).

4thArraOfDagon the Bludgeoner (Ogre Hunter)         Turns: 9026, Time: 01:00:29

Health: -12/165    AC: 12    Str: 21    XL:     15   Next: 45%
Magic:  24/24      EV: 11    Int: 15    God:    Okawaru [******]
Gold:   325        SH:  0    Dex: 12    Spells: 3 memorised, 14 levels left

rFire  . . .     SeeInvis .     o - +6 giant club of a volcano {crush, rPois Dex+2}
rCold  . . .     Clarity  +     t - +4 troll leather armour
rNeg   + . .     SustAt   .     (shield currently unavailable)
rPois  +         Gourm    .     (helmet restricted)
rElec  +         Spirit   .     p - +1 cloak {rPois}
rCorr  .         Dismiss  .     (gloves unavailable)
rMut   .         Stasis   .     (boots unavailable)
MR     +....                    (no amulet)
Stlth  ++........               S - ring of positive energy
                                c - +3 ring of slaying

@: heroism, grasped by roots, repel missiles, very slow, somewhat resistant to
hostile enchantments, unstealthy
A: unfitting armour, horns 1, clarity, mutation resistance 1, electricity
resistance, tough skin 1
a: Heroism, Finesse, Renounce Religion


You were on level 1 of the Swamp.
You worshipped Okawaru.
Okawaru was exalted by your worship.
You were not hungry.

You visited 4 branches of the dungeon, and saw 25 of its levels.
You also visited: Bailey and Volcano.

You collected 1164 gold pieces.
You spent 839 gold pieces at shops.

Inventory:

Hand Weapons
 d - a +0 blowgun
 o - the +6 giant club of a volcano (weapon) {crush, rPois Dex+2}
   (You acquired it on level 9 of the Dungeon)

   It inflicts extra damage upon your enemies.
   It affects your dexterity (+2).
   It protects you from poison.
 q - a +5 great mace of draining
Missiles
 s - 13 large rocks (quivered)
 C - 3 needles of frenzy
 U - 3 throwing nets
 V - 9 needles of slowing
Armour
 j - a +0 large shield of cold resistance
 p - a +1 cloak of poison resistance (worn)
 t - a +4 troll leather armour (worn)
 O - a +2 shield
 Z - a +0 fire dragon armour
Jewellery
 c - a +3 ring of slaying (left hand)
 B - an uncursed amulet of stasis
 L - an uncursed ring of ice
 R - an uncursed ring of flight
 S - a ring of positive energy (right hand)
Wands
 r - a wand of draining (6)
 u - a wand of digging (15)
 x - a wand of teleportation (1)
 z - a wand of digging (14)
 H - a wand of digging (16)
 I - a wand of digging (19)
 X - a wand of invisibility (1)
 Y - a wand of disintegration (3)
Scrolls
 h - a scroll of brand weapon
 v - 5 scrolls of teleportation
 y - 6 scrolls of remove curse
 E - 3 scrolls of recharging
 F - 3 scrolls of fear
 G - a scroll of enchant weapon
 N - 2 scrolls of blinking
 Q - 5 scrolls of magic mapping
 W - a scroll of summoning
Potions
 a - 13 potions of curing
 b - a potion of heal wounds
 f - a potion of haste
 g - 4 potions of might
 i - 4 potions of agility
 k - a potion of lignification
 m - 2 potions of resistance
 w - 3 potions of berserk rage
 A - 6 potions of magic
 D - a potion of invisibility
 J - 3 potions of brilliance
 M - 2 potions of ambrosia
 P - a potion of cure mutation {unknown}
 T - 2 potions of flight
Comestibles
 e - 10 bread rations
 l - 6 royal jellies
 n - 7 meat rations
 K - 46 fruits


   Skills:
 + Level 14.5(19.5) Fighting
 * Level 19.6(24.6) Maces & Flails
 - Level 4.0(9.0) Throwing
 + Level 3.1(8.1) Armour
 + Level 9.3(14.3) Dodging
 - Level 0.7(5.7) Stealth
 - Level 6.3 Spellcasting
 - Level 2.9 Charms
 - Level 6.6 Translocations
 - Level 2.5 Air Magic
 + Level 10.4 Invocations


You had 14 spell levels left.
You knew the following spells:

 Your Spells              Type           Power        Failure   Level  Hunger
a - Repel Missiles        Chrm/Air       ##....       10%         2    #......
b - Blink                 Tloc           N/A          1%          2    #......
c - Controlled Blink      Tloc           N/A          100%        8    #######


Dungeon Overview and Level Annotations

Branches:
Dungeon (15/15)              Lair (8/8) D:8           Swamp (1/4) Lair:6
 Depths (1/5) D:15
 Temple: D:4-7        Snake: Lair:3-6    Spider: Lair:3-6     Slime: Lair:6-8
    Orc: D:9-12      Vaults: D:13-14

Altars:
Fedhas
Gozag
Kikubaaqudgha
Nemelex Xobeh
Okawaru
Pakellas
Qazlal
Ru
Sif Muna
Vehumet

Shops:
D:9 ?![(   D:10 [   D:13 :

Annotations:
Lair:7 exclusion: 4 oklob plants
Depths:1 Sojobo


Innate Abilities, Weirdness & Mutations

You are too large for most types of armour.
You have tough skin (AC +1).
You have a pair of small horns on your head.
You possess an exceptional clarity of mind.
You are somewhat resistant to further mutation.
You are resistant to electric shocks.


Message History

The grasping roots settle back into the ground.
Unknown command.
Unknown command.
Drink which item? (? for menu, Esc to quit)
You feel much better.
The shambling mangrove hits you but does no damage.
Unknown command.
You hit the shambling mangrove but do no damage.
You pound the shambling mangrove like an anvil!!!
The shambling mangrove is severely damaged.
Angry insects surge out from beneath the shambling mangrove's foliage!
The shambling mangrove hits you!!
* * * LOW HITPOINT WARNING * * *
Unknown command.
You hit the shambling mangrove but do no damage.
You headbutt the shambling mangrove, but do no damage.
The shambling mangrove is severely damaged.
The wasp misses you. x2
The shambling mangrove hits you!!
You die...

♣..≈≈.♣...≈≈≈.♣ ♣ ♣≈
♣♣≈≈≈.>♣..≈≈≈.♣
♣♣♣≈≈≈♣.♣♣.....♣
♣♣♣.♣≈♣.≈≈≈.♣♣♣≈.♣..
♣.≈...≈≈.....♣♣♣.≈≈≈.
..≈..♣≈≈≈≈≈≈♣♣ ≈§
.≈≈.♣♣y.≈≈≈..♣ ♣ . ..
♣♣/y≈≈≈.♣♣ ≈ ♣.
♣.f@≈≈..♣♣.♣♣ . .≈≈≈
♣...y≈≈≈§♣.≈♣≈.
♣....♣)♣.≈♣≈≈...≈≈≈≈
.≈f≈......≈≈≈≈≈≈...≈♣
..≈♣♣.♣......≈♣≈.≈≈≈≈
♣♣♣♣.♣♣♣♣≈≈≈.♣ ♣.♣
♣≈♣≈...≈≈ ♣.♣
♣≈...♣♣.♣ ... .≈♣♣♣♣


You could see a shambling mangrove and 3 wasps.

Vanquished Creatures
  Rupert (D:12)
  A thorn hunter (Swamp:1)
  Snorg (D:11)
  An ettin (D:15)
  4 ogre magi
  Erolcha (D:8)
  Fannar (Lair:1)
  A yaktaur captain (D:15)
  Harold (Lair:1)
  2 hydras
  2 catoblepae
  Erica (D:8)
  5 centaur warriors
  A spriggan (Swamp:1)
  6 skeletal warriors (D:14)
  A wizard (D:15)
  A phantasmal warrior (D:15)
  A shambling mangrove (Swamp:1)
  A swamp dragon (Swamp:1)
  A harpy (shapeshifter) (D:15)
  An orc knight (D:15)
  Pikel (D:5)
  A wolf spider zombie (D:13)
  2 hill giants
  An orc sorcerer (D:15)
  16 ugly things
  2 manticores
  2 cyclopes
  4 griffons
  Maurice (D:8)
  8 elephants
  3 centaur zombies
  A black mamba (Lair:6)
  3 centaur skeletons (D:14)
  14 spiny frogs
  3 gargoyles
  A fire drake (Lair:4)
  An efreet (Volcano)
  2 kobold demonologists (D:15)
  4 yaktaurs (D:14)
  6 komodo dragons
  A queen bee (shapeshifter) (Depths:1)
  A redback zombie (D:15)
  A tengu conjurer (D:13)
  10 two-headed ogres
  A freezing wraith (D:15)
  A two-headed ogre (shapeshifter) (D:13)
  2 giant leeches
  A boulder beetle (Lair:8)
  2 trolls
  Grinder (D:6)
  12 blink frogs
  A deep elf mage (D:9)
  2 water elementals (Depths:1)
  A shadow (D:12)
  18 yaks
  A tarantella (shapeshifter) (D:15)
  Sigmund (D:6)
  A wraith (D:15)
  A wyvern (D:8)
  A vampire (D:12)
  11 vampire mosquitoes
  A steam dragon (D:13)
  3 hungry ghosts
  A fire elemental (Volcano)
  6 hippogriffs
  5 basilisks
  6 water moccasins
  4 swamp worms
  4 porcupines
  A swamp drake (Swamp:1)
  5 wasps
  5 orc warriors
  2 sky beasts
  20 centaurs
  A phantom (D:5)
  2 black bears
  4 ice beasts
  14 ogres
  A boggart (D:14)
  8 big kobolds
  11 crocodiles
  20 giant frogs
  2 wyvern skeletons
  A gnoll sergeant (D:7)
  A scorpion (D:13)
  11 killer bees
  3 vampire bats (D:8)
  2 electric eels (Lair:8)
  4 wights (D:8)
  A wasp zombie (D:7)
  2 crimson imps
  6 hounds
  3 orc wizards
  3 orc priests
  5 iguanas
  A jelly (D:9)
  10 worker ants
  8 sheep (D:8)
  A killer bee zombie (D:9)
  A hound zombie (D:9)
  A hound skeleton (D:9)
  6 adders
  2 worker ant zombies
  20 gnolls
  4 river rats
  2 shadow imps
  2 oozes
  The ghost of 4thArraOfDagon the Gusty, a weakling CeAE (D:5)
  A worm (D:3)
  4 giant geckos
  29 orcs
  2 bat skeletons (D:8)
  4 bat zombies (D:8)
  6 giant cockroaches
  13 hobgoblins
  9 jackals
  24 kobolds
  3 quokkas
  A ball python (D:5)
  2 bats
  8 giant newts
  4 goblins
  A quokka skeleton (D:5)
  7 rats
  A plant (Lair:8)
528 creatures vanquished.

Vanquished Creatures (collateral kills)
  A troll (D:9)
1 creature vanquished.

Vanquished Creatures (others)
  An adder (D:5)
  2 jackals (D:5)
  A kobold (D:15)
  A bush (D:8)
  13 fungi
  12 plants
30 creatures vanquished.

Grand Total: 559 creatures vanquished

Notes
Turn   | Place    | Note
--------------------------------------------------------------
     0 | D:1      | 4thArraOfDagon the Ogre Hunter began the quest for the Orb.
     0 | D:1      | Reached XP level 1. HP: 22/22 MP: 1/1
    80 | D:1      | Reached XP level 2. HP: 13/31 MP: 2/2
   270 | D:1      | Reached skill level 1 in Maces & Flails
   329 | D:2      | Reached XP level 3. HP: 18/39 MP: 3/3
   426 | D:3      | Found an oddly glowing altar of Pakellas.
   537 | D:3      | Found a stormy altar of Qazlal.
   561 | D:3      | Found a sparkling altar of Nemelex Xobeh.
   627 | D:3      | Reached XP level 4. HP: 47/49 MP: 4/4
   747 | D:5      | Entered Level 5 of the Dungeon
   747 | D:5      | Noticed a centaur
   760 | D:4      | Killed a centaur
   760 | D:4      | Reached skill level 5 in Fighting
   760 | D:4      | Reached XP level 5. HP: 22/57 MP: 5/5
   881 | D:4      | Reached skill level 5 in Maces & Flails
   969 | D:4      | Noticed a black bear
  1012 | D:3      | Reached XP level 6. HP: 37/67 MP: 6/6
  1061 | D:3      | Found an opulent altar of Gozag.
  1641 | D:3      | Reached skill level 6 in Maces & Flails
  1809 | D:4      | Got a warped war axe
  1961 | D:5      | Reached skill level 7 in Maces & Flails
  1961 | D:5      | Reached XP level 7. HP: 63/76 MP: 7/7
  1976 | D:5      | Noticed Pikel
  2001 | D:5      | now im fucked
  2016 | D:6      | Noticed Sigmund
  2019 | D:6      | Noticed a hippogriff
  2032 | D:6      | Killed Sigmund
  2032 | D:6      | Reached skill level 8 in Maces & Flails
  2071 | D:6      | Killed a hippogriff
  2088 | D:6      | Reached skill level 9 in Maces & Flails
  2088 | D:6      | Reached XP level 8. HP: 69/87 MP: 8/8
  2115 | D:6      | Noticed Grinder
  2135 | D:6      | Identified the +4 war axe "Hairu" {chop, rPois} (You found it on level 4 of the Dungeon)
  2140 | D:6      | Paralysed by Grinder for 3 turns
  2153 | D:6      | Paralysed by Grinder for 4 turns
  2166 | D:6      | Killed Grinder
  2203 | D:7      | Reached skill level 10 in Maces & Flails
  2271 | D:7      | Found a flagged portal.
  2307 | Bailey   | Entered a bailey
  2662 | Bailey   | Reached skill level 11 in Maces & Flails
  2777 | D:7      | Reached XP level 9. HP: 94/97 MP: 9/9
  2798 | D:7      | Found an iron altar of Okawaru.
  2808 | D:7      | Became a worshipper of Warmaster Okawaru
  2861 | D:6      | Found an iron altar of Okawaru.
  2948 | D:5      | Reached skill level 1 in Invocations
  2970 | D:5      | Noticed 4thArraOfDagon's ghost (weakling CeAE)
  2975 | D:5      | Killed Pikel
  2975 | D:5      | Reached * piety under Okawaru
  2975 | D:5      | Reached skill level 12 in Maces & Flails
  2995 | D:5      | Killed 4thArraOfDagon's ghost
  3069 | D:5      | Found a radiant altar of Vehumet.
  3361 | D:7      | Reached ** piety under Okawaru
  3445 | D:8      | Reached skill level 13 in Maces & Flails
  3478 | D:8      | Reached XP level 10. HP: 60/110 MP: 12/12
  3543 | D:8      | Noticed Erica
  3562 | D:8      | Reached skill level 10 in Fighting
  3573 | D:8      | Killed Erica
  3623 | D:8      | Found a staircase to the Lair.
  3629 | D:8      | Noticed Erolcha
  3635 | Lair:1   | Entered Level 1 of the Lair of Beasts
  3647 | Lair:1   | Noticed Fannar
  3647 | Lair:1   | Noticed Harold
  3647 | Lair:1   | HP: 5/110 [Harold/bolt of fire (33)]
  3713 | Lair:2   | Got a jewelled flail
  3725 | Lair:2   | Reached *** piety under Okawaru
  3755 | Lair:2   | Identified the +3 flail of the Solstice {speed, Int+2} (You found it on level 2 of the Lair of Beasts)
  3810 | Lair:2   | Learned a level 2 spell: Repel Missiles
  3813 | Lair:2   | Learned a level 2 spell: Blink
  4105 | Lair:1   | Reached skill level 14 in Maces & Flails
  4110 | Lair:1   | Killed Harold
  4110 | Lair:1   | Reached skill level 5 in Dodging
  4110 | Lair:1   | Reached skill level 5 in Invocations
  4123 | Lair:1   | Killed Fannar
  4123 | Lair:1   | Reached XP level 11. HP: 108/120 MP: 12/15
  4150 | D:8      | Killed Erolcha
  4150 | D:8      | Reached **** piety under Okawaru
  4162 | D:8      | Noticed a hill giant
  4165 | D:8      | Reached skill level 15 in Maces & Flails
  4174 | D:8      | Killed a hill giant
  4174 | D:8      | Received a gift from Okawaru
  4268 | D:8      | Noticed Maurice
  4326 | D:8      | Killed Maurice
  4350 | D:8      | Found an ancient bone altar of Kikubaaqudgha.
  4431 | D:8      | Got a shimmering robe
  4538 | D:9      | Found Ripa Moo's Antique Weapon Emporium.
  4553 | D:9      | Bought a runed morningstar for 148 gold pieces
  4553 | D:9      | Bought a runed morningstar for 148 gold pieces
  4588 | D:9      | Found Cetaf's Antique Armour Shoppe.
  4594 | D:9      | Found Xeseic's Distillery.
  4608 | D:9      | Bought a runed shield for 144 gold pieces
  4614 | D:9      | Bought a potion of curing for 39 gold pieces
  4661 | D:9      | Identified a scroll of acquirement
  4662 | D:9      | Got a bone giant club
  4663 | D:9      | Identified the +6 giant club of a volcano {crush, rPois Dex+2} (You acquired it on level 9 of the Dungeon)
  4742 | D:9      | Got a faintly glowing halberd
  4747 | D:9      | Identified the cursed +1 halberd of Infinite Pain {pain, rElec rC+ Dex+3} (You found it on level 9 of the Dungeon)
  4772 | D:9      | Found Xiysyl's Magic Scroll Shoppe.
  4817 | D:10     | Entered Level 10 of the Dungeon
  4831 | D:10     | Found Zipestav's Antique Armour Boutique.
  4902 | D:10     | Identified the +4 robe of Keicrix {-Tele rElec rPois rF+ rN+} (You found it on level 8 of the Dungeon)
  4946 | D:10     | Reached ***** piety under Okawaru
  5241 | D:13     | Reached skill level 1 in Spellcasting
  5252 | D:13     | Reached skill level 1 in Charms
  5252 | D:13     | Reached skill level 1 in Translocations
  5254 | D:13     | Received a gift from Okawaru
  5254 | D:13     | Reached skill level 1 in Air Magic
  5333 | D:13     | Got a fine robe
  5349 | D:13     | Identified the +1 robe "Xigo Tuo" {Slay+2} (You found it on level 13 of the Dungeon)
  5377 | D:14     | Reached XP level 12. HP: 132/132 MP: 17/17
  5452 | D:14     | Received a gift from Okawaru
  5452 | D:14     | Reached skill level 16 in Maces & Flails
  5545 | D:14     | Noticed a centaur warrior
  5551 | D:14     | Killed a centaur warrior
  5584 | D:14     | Noticed an ogre mage
  5592 | D:14     | Received a gift from Okawaru
  5595 | D:14     | Paralysed by an ogre mage for 3 turns
  5603 | D:14     | Killed an ogre mage
  5603 | D:14     | Received a gift from Okawaru
  5622 | D:14     | Reached ****** piety under Okawaru
  5636 | D:14     | Noticed a centaur warrior
  5657 | D:14     | Killed a centaur warrior
  5673 | D:14     | Reached XP level 13. HP: 103/141 MP: 18/18
  5753 | D:13     | Found Saocs's Book Shop.
  5810 | D:13     | Gained mutation: You possess an exceptional clarity of mind. [potion of mutation]
  5810 | D:13     | Gained mutation: You are somewhat resistant to further mutation. [potion of mutation]
  5811 | D:13     | Gained mutation: You have a pair of small horns on your head. [potion of mutation]
  5896 | D:14     | Reached skill level 17 in Maces & Flails
  5912 | D:14     | Gained mutation: You are resistant to electric shocks. [potion of beneficial mutation]
  5971 | D:15     | Entered Level 15 of the Dungeon
  6057 | D:15     | Received a gift from Okawaru
  6152 | D:15     | Received a gift from Okawaru
  6173 | D:15     | Reached skill level 5 in Spellcasting
  6173 | D:15     | Reached skill level 5 in Translocations
  6299 | D:15     | Found a large runed door.
  6299 | D:15     | Found a large runed door.
  6374 | D:15     | Reached XP level 14. HP: 71/153 MP: 22/22
  6452 | D:15     | Found a blossoming altar of Fedhas.
  6455 | D:15     | Found a sacrificial altar of Ru.
  6482 | D:15     | Found a staircase to the Depths.
  6492 | D:15     | Reached skill level 18 in Maces & Flails
  6499 | Depths:1 | Entered Level 1 of the Depths
  6542 | Depths:1 | Noticed Sojobo
  6542 | Depths:1 | Noticed a tengu reaver
  6542 | Depths:1 | Noticed a tengu reaver
  6583 | D:15     | ugh
  6688 | D:15     | Received a gift from Okawaru
  6729 | D:15     | Got a faintly glowing lajatang {god gift}
  6738 | D:15     | Identified the +1 lajatang of Nabel {pain, rF+ rN+ MR- Dex+2} (Okawaru gifted it to you on level 15 of the Dungeon)
  6840 | D:12     | Noticed Rupert
  6849 | D:12     | Killed Rupert
  7020 | D:11     | Learned a level 8 spell: Controlled Blink
  7041 | D:11     | Noticed Snorg
  7050 | D:11     | Killed Snorg
  7485 | D:9      | Bought 2 scrolls of blinking for 180 gold pieces
  7485 | D:9      | Bought a scroll of magic mapping for 42 gold pieces
  7485 | D:9      | Bought a scroll of enchant armour for 90 gold pieces
  7485 | D:9      | Bought a scroll of identify for 24 gold pieces
  7485 | D:9      | Bought a scroll of identify for 24 gold pieces
  7570 | Lair:4   | Found a dark tunnel.
  7577 | Volcano  | Entered a volcano
  7918 | Lair:4   | Received a gift from Okawaru
  8053 | Lair:5   | Reached skill level 1 in Armour
  8255 | Lair:7   | Reached skill level 10 in Invocations
  8305 | Lair:7   | Reached skill level 19 in Maces & Flails
  8317 | Lair:7   | Reached XP level 15. HP: 135/163 MP: 24/24
  8340 | Lair:8   | Entered Level 8 of the Lair of Beasts
  8407 | Lair:8   | Found a deep blue altar of Sif Muna.
  8883 | Lair:6   | Found a staircase to the Swamp.
  8897 | Swamp:1  | Entered Level 1 of the Swamp
  8897 | Swamp:1  | Noticed a thorn hunter
  8907 | Swamp:1  | Killed a thorn hunter
  9026 | Swamp:1  | Mangled by a shambling mangrove

Vault maps used:
D:1:      erik_arrival_triangle_large, serial_bayou_ford_a
D:2:      lemuel_coloured_pillars_altar
D:3:      nicolae_gozag_seed_capital, johnstein_pakellas_death_squad,
          nemelex_xobeh_ov_fountains_minmay, lemuel_crystal_altar,
          cheibrodos_gnoll_hut
D:4:      first_bread
D:5:      kennysheep_mini_moat, lightli_sewer_entry_pipes,
          nemelex_lonely_heart_becter, uniq_prince_ribbit1, uniq_pikel
D:6:      nicolae_overflow_hidden_temple, minmay_temple_entry_glass,
          uniq_sigmund, uniq_grinder, uniq_crazy_yiuf_cottage
D:7:      enter_bailey_2, okawaru_trees_2
D:8:      kennysheep_vampire_church, minmay_lair_entry_grove, serial_curves,
          eino_curves_02, eino_curves_01, eino_curves_04, eino_curves_03,
          blue_anna_alchemist, grunt_dithmenos_shadows, uniq_erica,
          uniq_maurice, uniq_erolcha
D:9:      serial_shops, shop, shop, shop, shop_statue, minmay_librarian
D:10:     erik_orc_2, serial_shops, nicolae_shop_behind_doors
D:11:     uniq_snorg
D:12:     uniq_rupert, uniq_nergalle
D:13:     serial_shops, nicolae_shop_waterfront, basic_altar, kennysheep_nub,
          small_statue_intersection
D:14:     hangedman_vaults_entry_quadrant_bands, infiniplex_staircase_x
D:15:     grunt_enter_depths_magical_seal, hangedman_decor_peaks_small,
          jmf_multi_god_temple2, uniq_sonja
Lair:1:   uniq_fannar, uniq_harold
Lair:2:   infiniplex_staircase_pool_2
Lair:3:   grunt_forest_small_clearing_treed, lemuel_fruit_tree,
          grunt_megastairs_3
Lair:4:   minmay_lair_oklob_chamber, enter_volcano_3
Lair:5:   beast_lair_carwin_2
Lair:6:   minmay_swamp_entry_worms, nicolae_spider_entry_orb_guardian,
          serial_bayou_shore_a, serial_bayou_shore_b, uniq_kirke
Lair:7:   dpeg_oklob_gauntlet
Lair:8:   minmay_lair_end_frog_pond, slime_altar_2, lemuel_centaur_altar
Swamp:1:  portal_ice_cave_entry_pillars_02, nicolae_swamp_fairy_circle,
          swamp_pool3
Depths:1: serial_co_window_serial, co_window_cross_1, co_window_paths_b,
          co_window_paths_b, co_window_paths_a, co_window_paths_a,
          co_window_paths_c, co_window_of_opportunity_b, co_window_corner_b,
          co_window_broadway_a, co_window_unsneaky_path_c, glass_columns_a,
          glass_columns_a, glass_columns_b, glass_columns_b, glass_columns_a,
          pf_coc_iceberg, hangedman_summoners_spam, uniq_jorgrun, uniq_sojobo
Bailey:   bailey_axe_2, bailey
Volcano:  volcano_overflow

Action                   |  1- 3 |  4- 6 |  7- 9 | 10-12 | 13-15 || total
-------------------------+-------+-------+-------+-------+-------++-------
Melee: Short sword       |    24 |       |       |       |       ||    24
       Whip              |    17 |       |       |       |       ||    17
       Blowgun           |       |   169 |     3 |       |       ||   172
       Giant club        |       |       |   209 |   219 |   545 ||   973
       War axe           |       |       |    42 |    10 |       ||    52
       Flail             |       |       |       |   139 |       ||   139
       Morningstar       |       |       |       |     9 |       ||     9
 Fire: Blowgun           |    15 |    41 |    10 |       |       ||    66
Throw: Large rock        |    25 |    39 |    14 |       |    46 ||   124
       Throwing net      |     2 |     4 |     4 |     2 |     1 ||    13
 Cast: Repel Missiles    |       |       |       |     3 |     5 ||     8
       Blink             |       |       |       |     1 |     1 ||     2
Invok: Heroism           |       |       |     2 |    11 |    24 ||    37
       Finesse           |       |       |       |     1 |       ||     1
Evoke: Wand              |     2 |     9 |     5 |       |     2 ||    18
  Use: Scroll            |     8 |     4 |     5 |     8 |    13 ||    38
       Potion            |       |       |       |     2 |     8 ||    10
 Stab: Sleeping          |       |     1 |       |     2 |     1 ||     4
       Held in net/web   |       |       |       |     1 |     1 ||     2
       Distracted        |       |       |       |       |     1 ||     1
       Petrified         |       |       |       |       |     1 ||     1
  Eat: Chunk             |       |     4 |     6 |     5 |     7 ||    22
       Bread ration      |       |       |       |     1 |       ||     1
       Fruit             |       |       |       |       |     4 ||     4
       Pizza             |       |       |       |       |     2 ||     2
       Beef jerky        |       |       |       |       |     3 ||     3
